[Event "ICC tourney 3242 (30 10)"]
[Site "Internet Chess Club"]
[Date "2023.07.22"]
[Round "5"]
[White "SCHWETKE, DOUGLAS:Bilbo"]
[Black "SCHROMBECK, JON A:GHOST375"]
[Result "0-1"]
[ICCResult "White resigns"]
[WhiteElo "1500"]
[BlackElo "1530"]
[Opening "QGD: 3.Nc3"]
[ECO "D31"]
[NIC "QO.17"]
[Time "20:00:11"]
[PlyCount "26"]
[TimeControl "1800+10"]

1. d4 e6 2. c4 d5 3. Nc3 Bb4 4. Qa4+ Nc6 5. Bf4 Bd7 6. Qc2 Nxd4 7. Qd3 Bxc3+
8. bxc3 Nf5 9. cxd5 c6 10. dxe6 Bxe6 11. e4 Nh4 12. Rb1 Nxg2+ 13. Bxg2 Qxd3
{White resigns}
0-1

[Event "ICC tourney 3242 (30 10)"]
[Site "Internet Chess Club"]
[Date "2023.07.22"]
[Round "5"]
[White "Singh, Saharsh:saharshsingh02"]
[Black "KISHORE, KAVISH:K03-16800564"]
[Result "0-1"]
[ICCResult "White resigns"]
[WhiteElo "1039"]
[BlackElo "1448"]
[Opening "QGD: semi-Slav"]
[ECO "D10"]
[NIC "SL.06"]
[Time "20:01:01"]
[PlyCount "30"]
[TimeControl "1800+10"]

1. d4 d5 2. c4 c6 3. Nc3 e6 4. cxd5 cxd5 5. Bf4 Nf6 6. Nf3 Nc6 7. e3 Be7 8.
Nb5 Qa5+ 9. Qd2 Bb4 10. Nc3 Ne4 11. Qc2 Nxc3 12. bxc3 Bxc3+ 13. Ke2 Bxa1 14.
e4 Bxd4 15. Nxd4 Nxd4+ {White resigns} 0-1

[Event "ICC tourney 3242 (30 10)"]
[Site "Internet Chess Club"]
[Date "2023.07.22"]
[Round "5"]
[White "PRABHSIMRAN SINGH:Prabhsimran13"]
[Black "Gonzalez, Nahum Pepe:nahumgonzalez"]
[Result "1-0"]
[ICCResult "Black resigns"]
[WhiteElo "1650"]
[BlackElo "1617"]
[Opening "Caro-Kann: classical, 7...Nd7"]
[ECO "B19"]
[NIC "CK.11"]
[Time "20:00:45"]
[PlyCount "52"]
[TimeControl "1800+10"]

1. e4 c6 2. d4 d5 3. Nc3 dxe4 4. Nxe4 Bf5 5. Ng3 Bg6 6. h4 h6 7. Nf3 Nd7 8.
Bd3 Bxd3 9. Qxd3 Ngf6 10. Bf4 e6 11. O-O-O Be7 12. Ne5 Nxe5 13. Bxe5 Qa5 14.
Kb1 O-O-O 15. Ne2 Ng4 16. Bg3 Bd6 17. Bxd6 Rxd6 18. Qg3 Nxf2 19. Qxf2 f6 20.
Rd3 Rhd8 21. g4 Qd5 22. Rhd1 Qe4 23. Nc3 Qxg4 24. d5 Kb8 25. dxc6 Qxd1+ 26.
Nxd1 Rxd3 {Black resigns} 1-0

[Event "ICC tourney 3242 (30 10)"]
[Site "Internet Chess Club"]
[Date "2023.07.22"]
[Round "5"]
[White "STINSON, RUSSELL:rcstinson"]
[Black "PENTI, TANISH:Tanishpenti18"]
[Result "1-0"]
[ICCResult "Black checkmated"]
[WhiteElo "1567"]
[BlackElo "626"]
[Opening "Nimzovich-Larsen attack: symmetrical variation"]
[ECO "A01"]
[NIC "VO.08"]
[Time "20:00:06"]
[PlyCount "141"]
[TimeControl "1800+10"]

1. b3 b6 2. Bb2 Bb7 3. Nf3 Nf6 4. e3 e6 5. c4 c5 6. Nc3 Nc6 7. Be2 Be7 8.
O-O O-O 9. d4 d5 10. cxd5 exd5 11. dxc5 Bxc5 12. Na4 Bb4 13. Bxf6 Qxf6 14.
Qxd5 Rad8 15. Qc4 Qg6 16. g3 Qh6 17. Rfd1 Qh3 18. Bf1 Qh5 19. Bg2 Be7 20.
Nc3 Bf6 21. Rac1 Na5 22. Qe2 Rxd1+ 23. Qxd1 Rd8 24. Qe2 h6 25. Rd1 Rxd1+ 26.
Nxd1 Nc6 27. Nd4 Qxe2 28. Nxe2 Kf8 29. Ndc3 Ke7 30. Nd5+ Kd6 31. Nxf6 gxf6
32. Kf1 Kc7 33. Ke1 Nb4 34. Bxb7 Kxb7 35. Nc3 Kc6 36. Ke2 Kc5 37. a3 Na6 38.
Ne4+ Kd5 39. Nxf6+ Ke6 40. Ne4 Ke5 41. Nc3 Nc5 42. b4 Nb3 43. f4+ Kd6 44.
Kd3 a5 45. Kc2 axb4 46. axb4 Nc5 47. bxc5+ bxc5 48. Kd3 Kc6 49. Kc4 Kd6 50.
Ne4+ Kc6 51. Nxc5 Kd6 52. Ne4+ Ke6 53. Kd4 f5 54. Nc5+ Kd6 55. Nb7+ Ke6 56.
Kc5 Kd7 57. Kd5 Ke7 58. Ke5 Kf7 59. Kxf5 Kg7 60. e4 Kf7 61. e5 Ke7 62. e6
Ke8 63. Kf6 h5 64. Nd6+ Kd8 65. e7+ Kd7 66. e8=Q+ Kxd6 67. Qe5+ Kd7 68. Qe6+
Kd8 69. Qf7 h4 70. Ke6 hxg3 71. Qd7# {Black checkmated} 1-0

[Event "ICC tourney 3242 (30 10)"]
[Site "Internet Chess Club"]
[Date "2023.07.22"]
[Round "5"]
[White "WILSON, DARRYL J:Combo4U2"]
[Black "Anand, Anirudh:AnirudhAnand"]
[Result "0-1"]
[ICCResult "White resigns"]
[WhiteElo "1201"]
[BlackElo "1004"]
[Opening "Ponziani: Jaenisch counter-attack"]
[ECO "C44"]
[NIC "KP.05"]
[Time "20:00:07"]
[PlyCount "140"]
[TimeControl "1800+10"]

1. e4 e5 2. Nf3 Nc6 3. c3 Nf6 4. d3 d6 5. Qc2 Be7 6. Nbd2 O-O 7. b3 d5 8.
Bb2 dxe4 9. dxe4 Bd7 10. Be2 h6 11. O-O Bd6 12. Rad1 Qe7 13. Nc4 Rfe8 14.
Nxd6 cxd6 15. Ba3 Bg4 16. Bxd6 Qe6 17. Bc4 Qc8 18. Qd3 Nh5 19. g3 Bh3 20.
Rfe1 Qg4 21. Qe3 Nf4 22. Nh4 g5 23. f3 Qh5 24. Nf5 Ng2 25. g4 Nxe3 26. gxh5
Nxd1 27. Rxd1 Bxf5 28. exf5 Rad8 29. Bb5 e4 30. fxe4 Rxe4 31. Rd5 Rg4+ 32.
Kf2 Rh4 33. Kg3 Rxh5 34. Be2 g4 35. Bxg4 Rg5 36. Kf4 Re8 37. h4 Rg7 38. f6
Rg6 39. Rf5 Re1 40. h5 Rf1+ 41. Bf3 Rg5 42. Rxg5+ hxg5+ 43. Kg3 Ra1 44. a4
Rc1 45. c4 Rb1 46. Bxc6 bxc6 47. b4 Rb3+ 48. Kg4 Rc3 49. Kxg5 Rxc4 50. Bc5
a5 51. h6 axb4 52. Be7 b3 53. a5 b2 54. h7+ Kxh7 55. Kf5 b1=Q+ 56. Ke5 Qe4+
57. Kd6 Qd5+ 58. Kc7 Ra4 59. Kb6 Qxa5+ 60. Kxc6 Rc4+ 61. Kd7 Rc7+ 62. Ke8
Qa8+ 63. Kxf7 Qd5+ 64. Ke8 Qg8+ 65. Bf8 Rc8+ 66. Ke7 Qxf8+ 67. Ke6 Rc6+ 68.
Ke5 Qxf6+ 69. Kd5 Rd6+ 70. Ke4 Rd4+ {White resigns} 0-1

[Event "ICC tourney 3242 (30 10)"]
[Site "Internet Chess Club"]
[Date "2023.07.22"]
[Round "5"]
[White "Hamlett, James Morrison:Hamlett144"]
[Black "DHURJATI, ANAGHA:amdink"]
[Result "0-1"]
[ICCResult "White resigns"]
[WhiteElo "1413"]
[BlackElo "1322"]
[Opening "Evans gambit declined"]
[ECO "C51"]
[NIC "IG.05"]
[Time "20:00:06"]
[PlyCount "70"]
[TimeControl "1800+10"]

1. e4 e5 2. Nf3 Nc6 3. Bc4 Bc5 4. b4 Bb6 5. c3 d6 6. d4 Nf6 7. Bg5 O-O 8. d5
Nb8 9. O-O h6 10. Bh4 g5 11. Bg3 Nxe4 12. Bd3 Nxg3 13. hxg3 Nd7 14. a4 a6
15. Nbd2 Nf6 16. c4 Bg4 17. Qc2 Re8 18. Nh2 Bc8 19. Ne4 Nxe4 20. Bxe4 Bd4
21. Ra3 Rf8 22. Nf3 Ba7 23. c5 f5 24. cxd6 cxd6 25. Nd2 fxe4 26. Nxe4 Bf5
27. Qe2 Bxe4 28. Qxe4 Qf6 29. Rf3 Qg7 30. Qg4 Rxf3 31. gxf3 Kh8 32. Rc1 Rf8
33. Kg2 Qf7 34. Qe4 Bd4 35. Qg4 h5 {White resigns} 0-1

[Event "ICC tourney 3242 (30 10)"]
[Site "Internet Chess Club"]
[Date "2023.07.22"]
[Round "5"]
[White "Yang, Daniel Benji Benji:DanielYang99"]
[Black "tammineni, ram:ramtammineni"]
[Result "1-0"]
[ICCResult "Black checkmated"]
[WhiteElo "1670"]
[BlackElo "1520"]
[Opening "French: Paulsen variation"]
[ECO "C10"]
[NIC "FR.04"]
[Time "20:00:12"]
[PlyCount "59"]
[TimeControl "1800+10"]

1. e4 e6 2. d4 d5 3. Nc3 Ne7 4. Bg5 Qd7 5. Nf3 Ng6 6. h4 Bb4 7. h5 Ne7 8. h6
g6 9. Bf6 Rg8 10. e5 Qc6 11. Qd2 Bxc3 12. bxc3 Nd7 13. Bxe7 Kxe7 14. Bd3 b6
15. Qg5+ Ke8 16. Kd2 Bb7 17. Qf4 Nf8 18. Qf6 Nd7 19. Qf4 Nf8 20. Ng5 a6 21.
Qxf7+ Kd8 22. Qxg8 Ke8 23. Qf7+ Kd8 24. Qxf8+ Kd7 25. Qf7+ Kd8 26. Nxe6+ Kc8
27. Bxg6 hxg6 28. h7 a5 29. h8=Q+ Qe8 30. Qhxe8# {Black checkmated} 1-0

[Event "ICC tourney 3242 (30 10)"]
[Site "Internet Chess Club"]
[Date "2023.07.22"]
[Round "5"]
[White "Abdurasulov, Nurmukhammad:Nur2010"]
[Black "SAHOO, OJAS:ojasarohan"]
[Result "1-0"]
[ICCResult "Black resigns"]
[WhiteElo "1251"]
[BlackElo "1352"]
[Opening "Queen's pawn game"]
[ECO "E20"]
[NIC "QP.07"]
[Time "20:00:06"]
[PlyCount "73"]
[TimeControl "1800+10"]

1. d4 Nf6 2. c4 e6 3. Nc3 b6 4. e4 Bb7 5. Qc2 Bb4 6. Bd3 O-O 7. Bg5 Be7 8.
e5 Ne8 9. Bxe7 Qxe7 10. Bxh7+ Kh8 11. Be4 Nc6 12. Qd3 g6 13. a3 d6 14. Nf3
Rd8 15. Qe3 Kg7 16. O-O Na5 17. Bxb7 Nxb7 18. Rfd1 Na5 19. Qe2 d5 20. cxd5
exd5 21. b4 Nb7 22. Qa6 c6 23. Qxa7 b5 24. Qa6 Qd7 25. a4 Nc7 26. Qxb7 Ra8
27. axb5 Rfb8 28. Qxc6 Qxc6 29. bxc6 Rxa1 30. Rxa1 Rxb4 31. h3 Rc4 32. Ne2
Rxc6 33. Nf4 Rc4 34. Ra7 Nb5 35. Ne6+ Kg8 36. Ra8+ Kh7 37. Nfg5+ {Black
resigns} 1-0

[Event "ICC tourney 3242 (30 10)"]
[Site "Internet Chess Club"]
[Date "2023.07.22"]
[Round "5"]
[White "Howell, Natalie:natalieH"]
[Black "DHANASEKAR, RAKSHITA:rooku2211"]
[Result "0-1"]
[ICCResult "White resigns"]
[WhiteElo "980"]
[BlackElo "1205"]
[Opening "Bird's opening"]
[ECO "A02"]
[NIC "VO.07"]
[Time "20:01:01"]
[PlyCount "82"]
[TimeControl "1800+10"]

1. f4 Nc6 2. Nf3 d6 3. e3 Bg4 4. Be2 e5 5. fxe5 dxe5 6. d3 Bxf3 7. Bxf3 Qd7
8. O-O Nf6 9. Nc3 Bc5 10. Bd2 O-O 11. Ne4 Nxe4 12. Bxe4 f5 13. Bxc6 Qxc6 14.
Qh5 f4 15. Qxe5 Rae8 16. Qc3 fxe3 17. Rxf8+ Rxf8 18. d4 exd2 19. dxc5 Qh6
20. Rd1 Rd8 21. Qc4+ Kh8 22. Qe2 Qg5 23. Qf2 h6 24. h3 Rd5 25. c3 b6 26.
cxb6 cxb6 27. Qf8+ Kh7 28. Qf7 Qe3+ 29. Qf2 Qd3 30. Kh1 Qc2 31. Qe2 Rd8 32.
Kg1 Qxb2 33. Qe4+ Kh8 34. Qe7 Rc8 35. Qe3 Qxa2 36. Rxd2 Qa1+ 37. Kh2 Qxc3
38. Qxc3 Rxc3 39. Rd7 a5 40. Rb7 Rb3 41. Kg1 b5 {White resigns} 0-1